Match 47369974
Unlisted

Match 47369974
End
Scout Squad
Construct Barracks
Selects Airborne Battlegroup
Selects Pathfinders
Selects Pathfinders
Riflemen Squad
Riflemen Squad
Infantry Support Center
Construct Motor Pool
M1 Mortar Team
Selects Paratrooper Squad Paradrop
M8 Greyhound Armored Car
Construct Medical Station
Selects Recon Loiter
Paratrooper Squad Paradrop
M24 Chaffee Light Tank
Brick
Genki
0
0

Comments sign in to comment!

No comments posted yet!